 Zot Defence DCSS version 0.15.2 (webtiles) character file.

323 blackwizard the Caller (level 6, -6/57 HPs)
             Began as a Troll Summoner on May 27, 2017.
             Mangled by a spiny frog (21 damage)
             ... in the Realm of Zot (Scenario V: Glassed Sandwich).
             The game lasted 00:02:09 (716 turns).

blackwizard the Caller (Troll Summoner)              Turns: 716, Time: 00:02:09

HP  -6/57        AC  5     Str 19      XL: 6   Next: 23%
MP   4/6         EV 10     Int 11      God:
Gold 0           SH  0     Dex 10      Spells:  1 memorised,  7 levels left

rFire  . . .     SeeInvis .     j - +0 dagger
rCold  . . .     Clarity  .     a - +0 robe
rNeg   . . .     rCorr    .     (shield restricted)
rPois  .         rRot     .     (helmet restricted)
rElec  .         Spirit   .     (no cloak)
SustAb .         Warding  .     (gloves unavailable)
rMut   .         Stasis   .     (boots unavailable)
Gourm  +                        (no amulet)
MR     .....                    (no ring)
                                (no ring)

@: not resistant to hostile enchantments, very unstealthy
A: unfitting armour, claws 3, fast metabolism 3, gourmand, regeneration 2,
saprovore 2, shaggy fur 1, tough skin 2
a: Make oklob sapling, Make arrow trap, Make plant, Remove Curse, Make burning
bush, Make altar, Make grenades


You were in the Realm of Zot.
You were not hungry.

You visited 1 branch

Inventory:

Hand weapons
 j - a +0 dagger (weapon)
Armour
 a - a +0 robe (worn)
Comestibles
 d - 2 meat rations
Scrolls
 i - a scroll of blinking
Potions
 c - 3 potions of curing
 e - a potion of heal wounds
 f - a potion of haste
 g - 2 potions of magic
 h - a potion of berserk rage
Books
 b - a book of Callings

   Spells                             Type                      Level
   *Summon Small Mammal               Summoning                    1
   Call Imp                           Summoning                    2
   Call Canine Familiar               Summoning                    3
   Summon Guardian Golem              Hexes/Summoning              4
   Summon Lightning Spire             Summoning/Air                4
   Summon Ice Beast                   Ice/Summoning                4


   Skills:
 + Level 1.9 Fighting
 + Level 0.2 Short Blades
 + Level 2.6 Dodging
 - Level 1.1 Stealth
 + Level 2.2 Unarmed Combat
 + Level 1.6 Spellcasting
 + Level 4.2 Summonings


You had 7 spell levels left.
You knew the following spells:

 Your Spells              Type           Power        Failure   Level  Hunger
a - Summon Small Mammal   Summ           ##..         6%          1    ##.....


Dungeon Overview and Level Annotations

Branches:
    Zot (1/1)

Altars:


Innate Abilities, Weirdness & Mutations

You are too large for most types of armour.
You have claws for hands.
Your metabolism is lightning-fast.
You like to eat raw meat.
You heal very quickly.
You can eat rotten meat.
You are covered in fur (AC +1).
You have very tough skin (AC +2).


Message History

The adder is severely wounded.
You barely miss the adder.
The adder is severely wounded.
The blink frog barely misses you.
You miss the adder.
The adder is severely wounded.
The blink frog hits you!
The quokka twitches its whiskers.
You hit the adder.
You kill the adder!
The blink frog hits you.
* * * LOW HITPOINT WARNING * * *
You completely miss Brarav.
Brarav is severely wounded.
A giant frog comes into view.
You hit Brarav.
Brarav is severely wounded.
The blink frog blinks!
The blink frog closely misses you. The spiny frog stings you!!
You die...

▓▓▓▓▓▓▓▓▓...........▓▓▓▓▓▓▓▓▓▓▓▓▓
........▓▓.........▓▓............
.........▓▓.......▓▓.............
..........▓▓.....▓▓..............
...........▓▓...▓▓...............
............▓▓.▓▓................
.................................
▓▓▓▓▓▓▓▓▓▓▓▓▓▓▓▓▓▓▓▓▓▓▓▓▓▓▓▓▓▓▓▓▓
...........)(rF%@FF.%.%...%......
.............)...F...............
.............)...................
.................................
.................................
............F...F................
▓▓▓▓▓▓▓▓▓▓..........▓▓▓▓▓▓▓▓▓▓▓▓▓
.................................
.................................


You could see a spiny frog, 2 blink frogs, 2 giant frogs, Brarav the giant frog
and a quokka.

Vanquished Creatures
  2 iguanas (Zot)
  5 adders (Zot)
  3 giant mites (Zot)
  4 oozes (Zot)
  7 bats (Zot)
  3 giant cockroaches (Zot)
  5 goblins (Zot)
  A hobgoblin (Zot)
  A jackal (Zot)
  4 kobolds (Zot)
  3 quokkas (Zot)
  5 giant newts (Zot)
  8 rats (Zot)
51 creatures vanquished.

Vanquished Creatures (collateral kills)
  A worm (Zot)
  2 bats (Zot)
  4 goblins (Zot)
  A kobold (Zot)
  A rat (Zot)
9 creatures vanquished.

Vanquished Creatures (others)
  2 bats (Zot)
  6 rats (Zot)
8 creatures vanquished.

Grand Total: 68 creatures vanquished

Notes
Turn   | Place    | Note
--------------------------------------------------------------
     0 | Zot      | blackwizard, the Troll Summoner, began the quest for the Orb.
     0 | Zot      | Reached XP level 1. HP: 16/16 MP: 2/2
   213 | Zot      | Reached skill level 3 in Summonings
   254 | Zot      | Reached XP level 2. HP: 24/24 MP: 2/2
   270 | Zot      | Reached XP level 3. HP: 31/31 MP: 3/3
   431 | Zot      | Reached XP level 4. HP: 39/39 MP: 4/4
   484 | Zot      | Reached skill level 4 in Summonings
   547 | Zot      | Reached skill level 1 in Fighting
   557 | Zot      | Reached XP level 5. HP: 46/48 MP: 3/4
   571 | Zot      | Reached skill level 1 in Unarmed Combat
   680 | Zot      | Noticed a blink frog
   690 | Zot      | Reached XP level 6. HP: 22/57 MP: 1/6
   703 | Zot      | Noticed a blink frog
   710 | Zot      | Noticed a spiny frog
   716 | Zot      | Mangled by a spiny frog

Action                   |  1- 3 |  4- 6 || total
-------------------------+-------+-------++-------
Melee: Unarmed           |    84 |   119 ||   203
       Dagger            |       |    71 ||    71
 Cast: Summon Small Mamm |     3 |     8 ||    11
